 Dungeon Crawl Stone Soup version 0.21.0-37-g46506fa (webtiles) character file.

27 tidbits the Digger (level 3, -6/25 HPs)
             Began as a Gnoll Earth Elementalist on Feb 1, 2018.
             Mangled by Robin
             ... wielding a +0 spear
              (8 damage)
             ... on level 3 of the Dungeon.
             The game lasted 00:04:15 (432 turns).

tidbits the Digger (Gnoll Earth Elementalist)        Turns: 432, Time: 00:04:16

Health: -6/25      AC:  3    Str: 10    XL:     3   Next: 10%
Magic:  0/9        EV: 14    Int: 18    God:
Gold:   27         SH:  0    Dex: 15    Spells: 9/12 levels left

rFire    + . .     SeeInvis .   a - +0 short sword
rCold    . . .     Gourm    .   (no shield)
rNeg     . . .     Faith    .   c - +0 robe
rPois    .         Spirit   .   (no helmet)
rElec    .         Reflect  .   (no cloak)
rCorr    .         Harm     .   G - +0 pair of gloves
MR       .....                  (no boots)
Stlth    +++.......             (no amulet)
HPRegen  0.00/turn              j - ring of flight
MPRegen  0.11/turn              W - ring of wizardry

@: no status effects
A: distributed training, fangs 1, fire resistance 1, inhibited regeneration,
strong nose
a: Evoke Flight


You were on level 3 of the Dungeon.
You were not hungry.

You visited 1 branch of the dungeon, and saw 3 of its levels.

You collected 27 gold pieces.

Inventory:

Hand Weapons
 a - a +0 short sword (weapon)
 b - a +0 dagger
Missiles
 p - 41 stones (quivered)
Armour
 c - a +0 robe (worn)
 G - a +0 pair of gloves (worn)
Jewellery
 j - a ring of flight (left hand)
   (You found it on level 2 of the Dungeon)
 W - a ring of wizardry (right hand)
   (You found it on level 1 of the Dungeon)
Scrolls
 f - a scroll of identify {unknown}
 g - a scroll of random uselessness {unknown}
 i - 2 scrolls of remove curse {unknown}
 k - a scroll of fear {unknown}
Potions
 l - a potion of degeneration {unknown}
 m - a potion of cancellation {unknown}
 n - a potion of berserk rage {unknown}
 o - a potion of might
 q - a potion of heal wounds {unknown}
Books
 e - a book of Geomancy

   Spells                             Type                      Level
   a - Sandblast                      Earth                        1
   b - Passwall                       Transmutation/Earth          2
   c - Stone Arrow                    Conjuration/Earth            3
   d - Petrify                        Transmutation/Earth          4
   e - Lee's Rapid Deconstruction     Earth                        5
Comestibles
 d - 4 rations


   Skills:
 + Level 0.6 Fighting
 + Level 0.6 Short Blades
 + Level 0.6 Long Blades
 + Level 0.6 Axes
 + Level 0.6 Maces & Flails
 + Level 0.6 Polearms
 + Level 0.6 Staves
 + Level 0.6 Slings
 + Level 0.6 Bows
 + Level 0.6 Crossbows
 + Level 0.6 Throwing
 + Level 0.6 Armour
 + Level 4.5 Dodging
 + Level 4.1 Stealth
 + Level 0.6 Shields
 + Level 0.6 Unarmed Combat
 + Level 5.0 Spellcasting
 + Level 0.4 Conjurations
 + Level 0.4 Hexes
 + Level 0.4 Charms
 + Level 0.4 Summonings
 + Level 0.4 Necromancy
 + Level 0.4 Translocations
 + Level 2.1 Transmutations
 + Level 0.4 Fire Magic
 + Level 0.4 Ice Magic
 + Level 0.4 Air Magic
 + Level 5.4 Earth Magic
 + Level 0.4 Poison Magic
 + Level 0.8 Invocations
 + Level 0.6 Evocations


You had 9 spell levels left.
You knew the following spells:

 Your Spells              Type           Power        Failure   Level  Hunger
a - Sandblast             Erth           ###...       1%          1    None
p - Passwall              Tmut/Erth      ###.......   1%          2    #......


Dungeon Overview and Level Annotations

Branches:
Dungeon (3/15)

Altars:
Kikubaaqudgha
Uskayaw

Annotations:
D:3 Robin; tidbits's ghost, weakling GnTm


Innate Abilities, Weirdness & Mutations

Your experience applies equally to all skills.
You have very sharp teeth.
Your uncanny sense of smell can sniff out nearby items.
Your flesh is heat resistant. (rF+)
You do not regenerate when monsters are visible.


Message History

Confirm with . or Enter, or press ? or * to list all spells.
Aiming: Sandblast
Press: ? - help, Shift-Dir - straight line, f - goblin
Aim: a goblin The blast of sand hits the goblin.
You kill the goblin!
p - 42 stones The kobold throws a stone.
The stone hits you but does no damage.
The goblin moves out of view.
Casting: Sandblast
Confirm with . or Enter, or press ? or * to list all spells.
Aiming: Sandblast
Press: ? - help, Shift-Dir - straight line, f - kobold
Aim: a kobold The blast of sand misses the kobold.
p - 41 stones The kobold throws a stone.
The stone barely misses you.
Casting: Sandblast
Confirm with . or Enter, or press ? or * to list all spells.
Aiming: Sandblast
Press: ? - help, Shift-Dir - straight line, f/p - kobold
Aim: a kobold The blast of sand hits the kobold.
You kill the kobold!
p - 40 stones The goblin unwields an uncursed club.
The goblin wields a hunting sling.
The goblin shoots a stone.
The stone hits you.
Casting: Sandblast
Confirm with . or Enter, or press ? or * to list all spells.
Aiming: Sandblast
Press: ? - help, Shift-Dir - straight line, f - goblin
Aim: a goblin The blast of sand hits the goblin.
You kill the goblin!
You have reached level 3!
Your experience leads to an increase in your attributes!
Increase (S)trength, (I)ntelligence, or (D)exterity?
You feel clever.
p - 39 stones The goblin shoots a stone.
The stone misses you.
Robin of the Strong Arm comes into view.
She is wielding a spear.
p - 42 stones (gained 3)
A goblin comes into view.
Robin throws the goblin at you!
The goblin unwields an uncursed hunting sling.
The goblin wields an uncursed club.
The goblin barely misses you.
Items here: (( ) † 3 stones; a club; 8 sling bullets; a hobgoblin corpse You barely miss the goblin.
Your bite misses the goblin.
Unknown command.
Okay, then.
Unknown command.
Unknown command.
Unknown command.
You aren't carrying any items that you can evoke.
Unknown command.
Okay, then.
You hit the goblin.
You kill the goblin!
Robin throws the goblin at you!
You closely miss the goblin. Robin completely misses you.
The goblin closely misses you. x2
Robin roars a battlecry!
The goblins go into a battle-frenzy!
You hear a shout!
You barely miss the goblin. The goblin closely misses you.
Robin drinks a potion.
Robin seems to grow stronger.
A hobgoblin comes into view. It is wielding a club.
You closely miss the goblin. You bite the goblin.
The goblin is moderately wounded.
The goblin closely misses you.
Robin says, "A pitiful Gnoll like you will never find the ORB!"
Robin barely misses you.
You closely miss the goblin.
The goblin is moderately wounded.
The goblin completely misses you. Robin hits you from afar with a spear!
* * * LOW HITPOINT WARNING * * *
You closely miss the goblin. You bite the goblin, but do no damage.
The goblin is moderately wounded.
The hobgoblin moves out of view.
The goblin barely misses you. Robin hits you but does no damage.
You hit the goblin.
The goblin is severely wounded.
The goblin misses you. Robin hits you from afar with a spear.
* * * LOW HITPOINT WARNING * * *
Casting: Sandblast
Confirm with . or Enter, or press ? or * to list all spells.
Aiming: Sandblast
Press: ? - help, Shift-Dir - straight line, f - goblin
Aim: a goblin (severely wounded, unusually strong)
The blast of sand hits the goblin.
You kill the goblin!
Your Spellcasting skill increases to level 5!
p - 41 stones Robin closely misses you.
Unknown command.
It was a potion of mutation.
You feel extremely strange.
Your regeneration stops near monsters.
You feel resistant to heat. Robin hits you from afar with a spear!
You die...

. #. l..∆ ∆.
... .. ..#..
####.#
#.....###.ggg#
#......<@.####
#...(.#####
#.... ####


You could see Robin, a hobgoblin and a goblin.

Vanquished Creatures
  2 leopard geckos
  2 giant cockroaches
  5 goblins (D:3)
  4 hobgoblins
  2 kobolds
  A ball python (D:2)
  3 bats (D:2)
  2 rats
21 creatures vanquished.

Notes
Turn   | Place    | Note
-------+----------+-------------------------------------------
     0 | D:1      | tidbits the Gnoll Earth Elementalist began the quest for the Orb.
     0 | D:1      | Reached XP level 1. HP: 13/13 MP: 6/6
   189 | D:2      | Reached skill level 2 in Transmutations
   204 | D:2      | Found an ancient bone altar of Kikubaaqudgha.
   226 | D:2      | Reached XP level 2. HP: 19/19 MP: 5/7
   230 | D:2      | Learned a level 2 spell: Passwall
   352 | D:2      | Found a hide-covered altar of Uskayaw.
   408 | D:3      | Noticed tidbits's ghost (weakling GnTm)
   420 | D:3      | Reached XP level 3. HP: 17/25 MP: 0/9
   421 | D:3      | Noticed Robin
   430 | D:3      | HP: 2/25 [Robin/spear (6)]
   431 | D:3      | Reached skill level 5 in Spellcasting
   432 | D:3      | Gained mutation: You do not regenerate when monsters are visible. [potion of mutation]
   432 | D:3      | Gained mutation: Your flesh is heat resistant. (rF+) [potion of mutation]
   432 | D:3      | Mangled by Robin

Skill      XL: |  1  2  3 |
---------------+----------+-----
Transmutations | 2 |  2.1
Spellcasting   | 5 |  5.0
Fighting       | |  0.6
Short Blades   | |  0.6
Long Blades    | |  0.6
Axes           | |  0.6
Maces & Flails | |  0.6
Polearms       | |  0.6
Staves         | |  0.6
Slings         | |  0.6
Bows           | |  0.6
Crossbows      | |  0.6
Throwing       | |  0.6
Armour         | |  0.6
Dodging        | |  4.5
Stealth        | |  4.1
Shields        | |  0.6
Unarmed Combat | |  0.6
Conjurations   | |  0.4
Hexes          | |  0.4
Charms         | |  0.4
Summonings     | |  0.4
Necromancy     | |  0.4
Translocations | |  0.4
Fire Magic     | |  0.4
Ice Magic      | |  0.4
Air Magic      | |  0.4
Earth Magic    | |  5.4
Poison Magic   | |  0.4
Invocations    | |  0.8
Evocations     | |  0.6

Action                   || total
-------------------------++-------
Melee: Short sword       ||     9
       Unarmed           ||     1
       Bite              ||     2
 Cast: Sandblast         ||    24
  Use: Potion            ||     1
 Stab: Sleeping          ||     2
Armor: Robe              ||     1
Dodge: Dodged            ||    21

Table legend:
 A = Turns spent in this place as a percentage of turns spent in the entire game.
 B = Non-inter-level travel turns spent in this place as a percentage of non-inter-level travel turns spent in the entire game.
 C = Inter-level travel turns spent in this place as a percentage of turns spent in this place.
 D = Turns resting spent in this place as a percentage of non-inter-level travel turns spent in this place.
 E = Turns spent auto-exploring this place as a percentage of non-inter-level travel turns spent in this place.
 F = Non-inter-level travel turns spent in this place divided by the number of levels of this place that you've seen.
                   A       B       C       D       E      F
               +-------+-------+-------+-------+-------+----------------------
         Total | 100.0 | 100.0 |   0.0 |   0.0 |   0.0 | 144.0
       Dungeon | 100.0 | 100.0 |   0.0 |   0.0 |   0.0 | 144.0
               +-------+-------+-------+-------+-------+----------------------

Table legend:
 A = Kills in this place as a percentage of kills in entire the game.
 B = Kills by you in this place as a percentage of kills by you in the entire game.
 C = Kills by friends in this place as a percentage of kills by friends in the entire game.
 D = Other kills in this place as a percentage of other kills in the entire game.
 E = Experience gained in this place as a percentage of experience gained in the entire game.
 F = Experience gained in this place divided by the number of levels of this place that you have seen.
                   A       B       C       D       E      F
               +-------+-------+-------+-------+-------+----------------------
         Total | 100.0 | 100.0 |   N/A |   N/A | 100.0 |  13.0
       Dungeon | 100.0 | 100.0 |   N/A |   N/A | 100.0 |  13.0
               +-------+-------+-------+-------+-------+----------------------

Vault maps used:
D:1:      minmay_arrival_semitransparent, hangedman_abyss_or_decor_stabs
D:2:      eat_drink_and_be_merry_uskayaw, overflow_temple_1_default
D:3:      nicolae_overflow_crystal_walls, led_sif_book, uniq_robin,
          uniq_jessica, uniq_sigmund
